Map: Galactic Process LE

Players

demeterre - Winner!

  • Race: Terran Terran
  • League: Silver

Gracz

  • Race: Terran Terran
  • League: Silver

VOD

Have the link to the VOD?

Description

Time

  • Played on: Oct. 9, 2016, 5:22 a.m.
  • Length: 9:27
Show
View Real Time Build Order
Export as new Build Order

demeterre Terran - Winner!

Build Orders:  

Get SALT Encoding   

  12  0:13  Supply Depot  
  12  0:15  SCV  
  13  0:23  Refinery  
  13  0:27  SCV  
  14  0:39  SCV  
  15  1:06  SCV  
  16  1:18  SCV  
  17  1:20  Barracks  
  17  2:02  Barracks  
  17  2:04  Barracks  
  17  2:05  SCV  
  18  2:17  SCV  
  18  2:18  Factory  
  19  2:31  Supply Depot  
  19  2:34  Supply Depot  
  19  2:37  Orbital Command  
  19  2:53  Barracks Tech Lab x2  
  19  2:54  Bunker  
  19  3:07  Factory Reactor  
  19  3:17  SCV  
  19  3:18  Refinery  
  20  3:22  Barracks Tech Lab  
  20  3:29  SCV  
  21  3:38  Marine x2  
  23  3:41  SCV  
  23  3:47  Widow Mine  
  23  3:48  Widow Mine  
  28  3:53  SCV  
  29  3:58  Combat Shields  
  29  4:03  Marine x2  
  29  4:05  SCV  
  32  4:15  Supply Depot  
  32  4:16  Widow Mine x2  
  36  4:18  Supply Depot  
  36  4:30  Marine  
  37  4:48  Marine  
  38  5:04  Marine x2  
  40  5:10  Barracks  
  40  5:12  Barracks  
  40  5:22  Marine x2  
  40  5:23  Hellion x2  
  46  5:44  Marine x2, Engineering Bay  
  48  6:04  Command Center  
  48  6:07  Supply Depot x2  
  48  6:10  Barracks Reactor  
  48  6:11  Barracks Reactor  
  48  6:18  Starport  
  48  6:24  Marauder  
  48  6:25  Marauder  
  52  6:34  Widow Mine x2  
  52  6:37  Marine  
  57  6:50  Missile Turret  
  57  6:53  Missile Turret  
  57  6:55  Marine  
  57  7:00  Marauder  
  57  7:01  Marauder  
  62  7:13  Missile Turret  
  57  7:17  Missile Turret  
  57  7:22  Marauder  
  51  7:53  Marine x6  
  51  8:10  Marine  
  51  8:11  Marine x5  
  54  8:28  Marine  
Show
View Real Time Build Order
Export as new Build Order

Gracz Terran 

Build Orders:  

Get SALT Encoding   

  12  0:01  SCV  
  13  0:16  Supply Depot  
  13  0:20  SCV  
  14  0:32  SCV  
  15  0:44  Barracks, SCV  
  17  0:57  SCV  
  17  1:00  Refinery  
  17  1:36  SCV  
  17  1:37  Marine  
  18  1:45  Command Center  
  18  1:48  SCV  
  19  2:01  SCV  
  20  2:11  Supply Depot  
  20  2:15  Refinery  
  20  2:21  Barracks  
  20  2:25  Orbital Command  
  20  2:34  Barracks  
  20  2:39  Factory  
  20  2:51  SCV  
  21  2:57  SCV  
  22  3:03  SCV  
  23  3:10  SCV  
  24  3:15  SCV  
  25  3:22  SCV  
  25  3:25  Barracks Reactor  
  25  3:26  Barracks Tech Lab x2  
  26  3:37  Starport  
  26  3:54  Factory Tech Lab  
  26  4:02  Barracks, Marine x2  
  28  4:05  SCV  
  28  4:06  SCV  
  30  4:14  Starport Reactor  
  30  4:18  SCV  
  30  4:22  Orbital Command  
  31  4:29  Command Center  
  31  4:40  SCV  
  31  4:44  Marauder x2  
  36  5:02  SCV x2  
  36  5:05  Marauder  
  36  5:06  Marauder  
  36  5:07  Medivac x2  
  46  5:17  SCV x2  
  48  5:24  Marine x2  
  48  5:27  Marauder x2  
  54  5:29  SCV  
  55  5:40  Orbital Command  
  55  5:42  Marine  
  56  5:48  Marauder x2  
  60  6:10  Medivac x2, Marauder  
  66  6:13  Barracks Reactor  
  66  6:14  Marine x2  
  66  6:15  Marine  
  69  6:19  Engineering Bay  
  69  6:22  Engineering Bay  
  69  6:30  Marine  
  69  6:32  Marine x2  
  72  6:33  Marine, Refinery x2, Stimpack  
  73  6:40  Medivac  
  58  8:32  Marine x3  
  58  8:33  Marauder  
  63  8:43  Siege Tank  
  63  8:44  Medivac  
  68  8:50  Marine x2  
  68  8:51  Marauder  
  68  8:54  Marauder  
  62  9:08  Marine x2  
Tags
 
Add a new tag
Caveats
  • Supply blocks, unpowered buildings, or Contaminate may cause inaccurate times.
  • Supply counts are checked every 10 seconds.